 Dungeon Crawl Stone Soup version 0.28.0-43-g3370ac3207 (webtiles) character file.

Game seed: 8638423392467540176

336 terff the Covered (level 6, -1/55 HPs)
             Began as a Hill Orc Fighter on Mar 20, 2022.
             Slain by a bullfrog zombie (2 damage)
             ... on level 5 of the Dungeon.
             The game lasted 00:09:29 (4369 turns).

terff the Covered (Hill Orc Fighter)                Turns: 4369, Time: 00:09:30

Health: -1/55      AC:  1    Str: 21    XL:     6   Next: 54%
Magic:  6/6        EV: 11    Int:  8    God:
Gold:   184        SH:  4    Dex: 10    Spells: 5/5 levels left

rFire   . . .      SeeInvis .   i - +3 short sword
rCold   . . .      Faith    .   c - +0 buckler
rNeg    . . .      Spirit   .   f - +0 chain mail
rPois   .          Reflect  .   (no helmet)
rElec   .          Harm     .   (no cloak)
rCorr   .          Rampage  .   (no gloves)
Will    .....                   (no boots)
Stlth   ..........              (no amulet)
HPRegen 0.18/turn               p - +4 ring of evasion
MPRegen 0.10/turn               (no ring)

@: corroded
A: no striking features
a: no special abilities


You were on level 5 of the Dungeon.
You visited 1 branch of the dungeon, and saw 5 of its levels.

You collected 184 gold pieces.

Inventory:

Hand Weapons
 a - a +0 long sword
 i - a +3 short sword (weapon)
Armour
 c - a +0 buckler (worn)
 f - a +0 chain mail (worn)
Magical Staves
 n - a staff of poison
Jewellery
 p - a +4 ring of evasion (left hand)
Wands
 b - a wand of charming (1)
Scrolls
 j - a scroll of blinking
Potions
 e - 3 potions of degeneration
 g - 2 potions of curing
 h - 2 potions of cancellation {unknown}
 k - a potion of mutation {unknown}
 l - a potion of attraction {unknown}
 m - 2 potions of brilliance
 o - a potion of lignification {unknown}


   Skills:
 + Level 4.9 Fighting
 + Level 3.3(3.7) Short Blades
 + Level 2.6(3.6) Long Blades
 + Level 5.0 Armour
 + Level 0.7 Dodging
 + Level 0.3 Stealth
 + Level 3.9 Shields


You had 5 spell levels left.
You didn't know any spells.
Your spell library contained the following spells:

 Spells                   Type           Power      Damage    Failure   Level
 Sting                    Tmut/Pois      0%         1d3       99%         1
 Poisonous Vapours        Pois/Air       0%         N/A       100%        2
 Olgreb's Toxic Radiance  Pois           0%         N/A       100%        4


Dungeon Overview and Level Annotations

Branches:
Dungeon (5/15)
 Temple: D:4-7

Altars:
Cheibriados
Zin


Message History

You hit the jelly but do no damage.
Your hands burn!
The jelly barely misses you.
Aiming: Charm
Press: ? - help, Shift-Dir - straight line, f - jelly
Aim: a jelly (chance to affect: 57%)
The jelly resists with significant effort.
The hound skeleton bites you. The jelly hits you. The acid corrodes you!
You are splashed with acid!
* * * LOW HITPOINT WARNING * * *
The jelly closely misses you. The hound skeleton barely misses you.
Aiming: Charm
Press: ? - help, Shift-Dir - straight line, f/p - jelly
Aim: a jelly (chance to affect: 57%)
The jelly is charmed.
The jelly barely misses you. The hound skeleton barely misses you.
A bullfrog zombie comes into view.
Your jelly barely misses the hound skeleton.
You hit the hound skeleton but do no damage.
The hound skeleton closely misses you. The jelly hits you but does no damage.
Your jelly hits the hound skeleton.
The hound skeleton is splashed with acid!
The acid corrodes the hound skeleton!
You hit the hound skeleton.
The hound skeleton is heavily damaged.
The hound skeleton closely misses you. The jelly barely misses you.
Your jelly hits the hound skeleton.
The hound skeleton is splashed with acid.
The hound skeleton seems to be corroded for longer.
You catch the helpless hound skeleton completely off-guard!
You hit the hound skeleton.
You destroy the hound skeleton!
The jelly hits you but does no damage.
Your jelly hits the jelly. You completely miss the jelly.
The jelly is heavily wounded.
The jelly hits you.
* * * LOW HITPOINT WARNING * * *
You are splashed with acid!
* * * LOW HITPOINT WARNING * * *
The bullfrog zombie hits you.
You die...

.########### .'.........#
...# .#########.# ...#
.'.......#.# #####...#
.#######.#.# #.......#
.##. .#.#.###.......###
.##.##.#.#.#.+..........
.##...<#.#.#.#..Z...#
#####.##.#.#.#..@J..#
#....#.#.#...J..#
##########.#.#......######
......................<...
############.............#
#....#..........
#....#........$#
#..............#
#...#..........#


You could see a jelly (ally target), a bullfrog zombie and a friendly jelly
(charmed).

Vanquished Creatures
  A black bear (D:4)
  A bullfrog zombie (D:5)
  Jessica (D:3)
  A bullfrog skeleton (D:5)
  Ijyb (D:3)
  An iguana (D:5)
  A hound skeleton (D:5)
  3 adders
  A worm (D:4)
  5 orcs (D:3)
  5 endoplasms
  3 giant cockroaches
  9 goblins (D:3)
  5 hobgoblins
  3 jackals (D:3)
  6 kobolds
  4 quokkas
  6 ball pythons
  5 bats
  5 frilled lizards
  2 rats
69 creatures vanquished.

Vanquished Creatures (others)
  3 plants (D:1)
3 creatures vanquished.

Grand Total: 72 creatures vanquished

Notes
Turn   | Place    | Note
-------+----------+-------------------------------------------
     0 | D:1      | terff the Hill Orc Fighter began the quest for the Orb.
     0 | D:1      | Reached XP level 1. HP: 19/19 MP: 1/1
   367 | D:1      | Found a faded altar of an unknown god.
   374 | D:1      | Reached XP level 2. HP: 23/27 MP: 2/2
   827 | D:2      | Reached XP level 3. HP: 33/33 MP: 3/3
  1815 | D:3      | Noticed Jessica
  1881 | D:3      | Killed Jessica
  1882 | D:3      | Reached skill level 1 in Short Blades
  1882 | D:3      | Reached skill level 4 in Armour
  1882 | D:3      | Reached XP level 4. HP: 15/40 MP: 4/4
  2173 | D:3      | Noticed Ijyb
  2208 | D:3      | Killed Ijyb
  2517 | D:3      | Reached XP level 5. HP: 43/47 MP: 5/5
  3011 | D:4      | Found a glowing silver altar of Zin.
  3014 | D:4      | Found a snail-covered altar of Cheibriados.
  3549 | D:4      | Noticed a black bear
  3569 | D:4      | Killed a black bear
  3570 | D:4      | Reached XP level 6. HP: 10/53 MP: 6/6
  4196 | D:5      | Entered Level 5 of the Dungeon
  4336 | D:5      | Reached skill level 5 in Armour
  4369 | D:5      | HP: 1/55 [acid (9)]
  4369 | D:5      | Slain by a bullfrog zombie

Illustrated notes

Levels and vault maps discovered:
D:1:      lightli_arrival_flooded_house, layout_loops_ring,
          dreamdust_ecumenical_altar_angels_and_demons
D:2:      layout_loops_cross, minmay_misc_feat_roman
D:3:      kennysheep_goblin_castle, layout_loops_corners, serial_bayou_pond_d,
          minmay_statues_item, uniq_jessica
D:4:      layout_loops_corners, amethyst_overflow_temple_binary
D:5:      layout_basic, portal_sewer_entry_f

Skill      XL: |  1  2  3  4  5  6 |
---------------+-------------------+-----
Fighting       | 4 |  4.9
Short Blades   | 1 2 3 |  3.3
Armour         | 4 5 |  5.0
Long Blades    | |  2.6
Dodging        | |  0.7
Stealth        | |  0.3
Shields        | |  3.9

Action                   |  1- 3 |  4- 6 || total
-------------------------+-------+-------++-------
Melee: Long sword        |    44 |       ||    44
       Short sword       |    60 |   155 ||   215
Evoke: Wand              |       |     2 ||     2
  Use: Scroll            |     5 |     5 ||    10
       Potion            |       |     1 ||     1
 Stab: Distracted        |       |     1 ||     1
Armor: Scale mail        |    13 |       ||    13
       Chain mail        |    41 |    91 ||   132
Dodge: Dodged            |    46 |    94 ||   140
Block: Buckler           |    29 |    39 ||    68
